 Dungeon Crawl Stone Soup version 0.20-a0-709-gd40821f (webtiles) character file.

162852 nono the Warrior (level 18, -7/156 HPs)
             Began as a Formicid Wanderer on Feb 21, 2017.
             Was the Champion of Ieoh Jian.
             Mangled by a wolf spider (14 damage)
             ... on level 3 of the Spider Nest.
             The game lasted 02:43:34 (41336 turns).

nono the Warrior (Formicid Wanderer)               Turns: 41336, Time: 02:43:34

Health: -7/156     AC: 12    Str: 29    XL:     18   Next: 45%
Magic:  18/18      EV:  9    Int:  7    God:    Ieoh Jian [******]
Gold:   2432       SH: 13    Dex:  8    Spells: 17/17 levels left

rFire    + + .     SeeInvis +   K - +2 glaive (protect)
rCold    + . .     Gourm    .   v - +3 plate armour {rF+}
rNeg     + . .     Faith    +   z - +0 shield
rPois    +         Spirit   .   (helmet unavailable)
rElec    .         Reflect  .   G - scarf {repulsion}
rCorr    .         Harm     .   h - +2 pair of gloves
MR       ++++.                  a - +0 pair of boots
Stlth    ..........             F - amulet of faith
Regen    0.4/turn               p - ring of poison resistance
MPRegen  0.2/turn               Z - ring of Qorich {-Tele rC+ rN+ MR+++ Int-3}

@: corroded, repel missiles
A: permanent stasis, dig shafts and tunnels, four strong arms, antennae 3, slimy
green scales 1, blurry vision 1, dopey 1, fire resistance 1, strong 1,
MP-powered wands
a: Dig, Shaft Self, Serpent's Lash, Heaven On Earth, Renounce Religion


You were on level 3 of the Spider Nest.
You worshipped Ieoh Jian.
Ieoh Jian was exalted by your worship.
You were not hungry.

You visited 4 branches of the dungeon, and saw 27 of its levels.
You also visited: Labyrinth and Volcano.

You collected 3049 gold pieces.
You spent 617 gold pieces at shops.

Inventory:

Hand Weapons
 w - a +0 vampiric lajatang
 C - a +2 lajatang of electrocution
 K - a +2 glaive of protection (weapon)
 X - the +3 Elemental Staff {rElec rF++ rC++ MR++ AC+5}
   (You found it on level 6 of the Lair of Beasts)

   It affects your AC (+5).
   It greatly protects you from fire.
   It greatly protects you from cold.
   It insulates you from electricity.
   It affects your resistance to hostile enchantments.
Armour
 a - a +0 pair of boots (worn)
 h - a +2 pair of gloves (worn)
 v - a +3 plate armour of fire resistance (worn)
 z - a +0 shield (worn)
 G - a scarf of repulsion (worn)
 I - a scarf of cold resistance
 W - the +1 fire dragon scales of Zin's Supremacy {rF++ rC- MR- Dex+8 Slay+4}
   (You found it on level 6 of the Lair of Beasts)

   It affects your dexterity (+8).
   It affects your accuracy and damage with ranged weapons and melee attacks
   (+4).
   It greatly protects you from fire.
   It makes you vulnerable to cold.
   It affects your resistance to hostile enchantments.
Jewellery
 b - an uncursed ring of flight
 l - an uncursed ring of protection from magic
 p - a ring of poison resistance (right hand)
 y - an uncursed ring of protection from fire
 F - an amulet of faith (around neck)
 P - the ring "Yptafyog" {rElec Str+4 Int-4 SInv}
   (You bought it in a shop on level 2 of the Orcish Mines)

   [ring of see invisible]

   It affects your strength (+4).
   It affects your intelligence (-4).
   It insulates you from electricity.
   It lets you see invisible.
 V - an uncursed ring of protection from cold
 Z - the ring of Qorich (left hand) {-Tele rC+ rN+ MR+++ Int-3}
   (You found it in a labyrinth)

   [ring of positive energy]

   It affects your intelligence (-3).
   It protects you from cold.
   It protects you from negative energy.
   It affects your resistance to hostile enchantments.
   It prevents most forms of teleportation.
Wands
 d - a wand of confusion (19/48)
 J - a wand of flame (5/48)
 L - a wand of iceblast (3/15)
 M - a wand of random effects (21/48)
 N - a wand of confusion (29/48)
 O - a wand of polymorph (4/24)
 S - a wand of digging (4/24)
 T - a wand of random effects (39/48)
 U - a wand of paralysis (6/24)
 Y - a wand of acid (12/15)
Scrolls
 e - 4 scrolls of enchant weapon
 g - 3 scrolls of immolation
 i - 5 scrolls of fear
 j - 2 scrolls of magic mapping
 n - 9 scrolls of remove curse
 o - 4 scrolls of recharging
 r - 11 scrolls of identify
 s - 2 scrolls of fog
 u - 8 scrolls of enchant armour
 x - a scroll of silence
 A - 2 scrolls of noise
Potions
 c - 7 potions of lignification
 k - 5 potions of brilliance
 m - a potion of resistance
 q - 2 potions of curing
 B - 8 potions of flight
 E - a potion of might
 R - 3 potions of magic
Comestibles
 f - 4 bread rations
 t - 17 meat rations
 D - 8 royal jellies
 Q - 2 fruits


   Skills:
 - Level 17.7 Fighting
 - Level 16.1(16.2) Polearms
 - Level 2.1(11.1) Staves
 - Level 1.0 Throwing
 - Level 17.7 Armour
 - Level 1.7 Dodging
 - Level 7.0 Stealth
 + Level 13.2 Shields


You had 17 spell levels left.
You didn't know any spells.

Dungeon Overview and Level Annotations

Branches:
Dungeon (15/15)            Temple (0/1) D:5            Lair (6/6) D:8
  Swamp (0/4) Lair:4       Spider (4/4) Lair:4        Slime (0/5) Lair:5
    Orc (2/2) D:10            Elf (0/3) Orc:2        Vaults (0/5) D:13
 Depths (0/5) D:15

Altars:
Dithmenos
Elyvilon Ieoh Jian
Nemelex Xobeh
Qazlal
Vehumet
The Shining One
Beogh

Shops:
D:8 %   Orc:2 =(*?

Annotations:
Lair:2 exclusion: oklob plant
Lair:5 skk's ghost, journeyman TrMo


Innate Abilities, Weirdness & Mutations

You cannot be hasted, slowed, berserked, paralysed or teleported.
You can dig through walls and to a lower floor.
Your four strong arms can wield two-handed weapons with a shield.
You have a pair of large antennae on your head. (SInv)
You are partially covered in slimy green scales. (AC +2)
Scrolls take you a little longer to read.
You are dopey. (Int -2)
Your flesh is heat resistant. (rF+)
Your muscles are strong. (Str +2)
You expend magic power (3 MP) to strengthen your wands.


Message History

You feel sick. The wolf spider hits you!
* * * LOW HITPOINT WARNING * * *
You block the wolf spider's attack.
You feel much better.
The jumping spider leaps!
The wolf spider hits you!
* * * LOW HITPOINT WARNING * * *
The wolf spider bites you but does no damage.
You extend your mandibles.
You dig through the rock wall.
You feel sick. You block the wolf spider's attack. The wolf spider bites you.
* * * LOW HITPOINT WARNING * * *
The redback bites you!
* * * LOW HITPOINT WARNING * * *
You dig through the rock wall.
The wolf spider hits you!
* * * LOW HITPOINT WARNING * * *
The wolf spider closely misses you.
You feel better. The wolf spider hits you!
* * * LOW HITPOINT WARNING * * *
The wolf spider bites you but does no damage.
The wolf spider hits you!
You die...

##..........#...
##..........#....
#................
#................
#........##.....#
#........###...##
#....^...# ##.##
###s......# ####
#@sss.....# #.#
###s......# #.#
##s.....# #.#
##.....######.##
#.....####.^...#
######....#####.
####.####.....
#>...# #.....
#....# #.....


You could see a wolf spider, 2 jumping spiders and 3 redbacks.

Vanquished Creatures
  Nikola (Spider:2)
  Arachne (Spider:2)
  Gastronok (Lair:3)
  The ghost of nht the Brawler, an adept TrFi of Ieoh Jian (Spider:2)
  Agnes (Spider:3)
  2 emperor scorpions
  An orc warlord (Orc:2)
  A war gargoyle (D:13)
  An entropy weaver (Spider:2)
  A red draconian (Volcano)
  A spark wasp (Spider:2)
  2 ettins
  A minotaur (Lab)
  Josephine (Spider:1)
  A yaktaur captain (D:13)
  2 ice dragons
  A vault guard (D:13)
  The ghost of azzavlup the Cleaver, a journeyman HOAK of Lugonu (Lair:3)
  14 hydras
  Erolcha (D:13)
  Fannar (D:12)
  7 centaur warriors
  A catoblepas (D:13)
  15 two-headed ogres
  2 ogre magi (Orc:2)
  5 death yaks
  Nergalle (Orc:1)
  Sonja (D:11)
  Urug (D:15)
  A shadow wraith (D:13)
  3 deep trolls
  5 unseen horrors
  A deep elf archer (D:15)
  3 deep elf magi
  A lindwurm (D:13)
  2 orc knights (Orc:1)
  An orc sorcerer (Orc:2)
  A harpy (shapeshifter) (D:13)
  7 cyclopes
  2 manticores
  12 wolf spiders
  6 orb spiders
  13 ugly things
  3 salamanders (Volcano)
  A cyclops (shapeshifter) (D:13)
  A faun (shapeshifter) (D:13)
  A moth of wrath (Spider:3)
  7 black mambas
  3 gargoyles
  A spiny frog (shapeshifter) (D:15)
  32 spiny frogs
  2 rime drakes
  2 kobold demonologists
  A yaktaur (D:15)
  10 komodo dragons
  7 demonic crawlers
  An efreet (D:13)
  A freezing wraith (D:14)
  4 polar bears
  3 meliai (Spider:2)
  2 trolls (shapeshifter)
  19 jumping spiders
  15 trolls
  3 hornets
  31 blink frogs
  5 tyrant leeches
  5 slime creatures (D:15)
  11 dream sheep (Lair:5)
  19 hippogriffs
  36 redbacks
  2 shadows
  A centaur simulacrum (D:15)
  3 hogs (D:7)
  14 tarantellas
  A vampire (D:14)
  4 wraiths
  3 fire bats (Lair:5)
  A human (D:8)
  3 wyverns
  49 yaks
  6 hungry ghosts
  11 vampire mosquitoes
  6 swamp worms (Lair:4)
  10 wargs
  A water moccasin (shapeshifter) (D:13)
  15 water moccasins
  An acid dragon (D:12)
  A soldier ant (D:11)
  6 porcupines
  3 sky beasts
  2 ice beasts
  3 black bears
  3 eyes of draining
  15 centaurs
  25 orc warriors
  2 phantoms
  2 necrophages
  24 ogres
  16 wolves
  10 crocodiles
  3 big kobolds
  35 bullfrogs
  2 wyvern zombies
  3 scorpions
  27 killer bees
  12 wights
  2 howler monkeys
  3 electric eels
  4 crimson imps
  A quasit (D:11)
  2 bullfrog zombies
  4 centaur zombies
  6 hounds
  18 orc priests
  3 bullfrog skeletons
  2 centaur skeletons (Lab)
  4 jellies
  5 iguanas
  17 orc wizards
  11 worker ants
  A hound zombie (D:8)
  A hound skeleton (D:11)
  17 gnolls
  12 adders
  4 river rats (D:5)
  5 shadow imps
  An ooze (D:7)
  2 adder zombies
  An adder skeleton (D:4)
  2 worms (D:2)
  2 dart slugs
  2 leopard geckos
  91 orcs
  16 giant cockroaches
  8 goblins
  5 hobgoblins
  15 jackals
  6 quokkas
  A ball python (D:3)
  10 bats
  5 frilled lizards
  A jackal skeleton (D:4)
  16 kobolds
  10 rats
  A plant (D:5)
996 creatures vanquished.

Vanquished Creatures (others)
  A manticore (D:15)
  2 redbacks (Spider:2)
  A worker ant (D:14)
  An orc wizard (D:14)
  An orc (D:14)
  17 fungi
  54 plants
77 creatures vanquished.

Grand Total: 1073 creatures vanquished

Notes
Turn   | Place    | Note
-------+----------+-------------------------------------------
     0 | D:1      | nono the Formicid Wanderer began the quest for the Orb.
     0 | D:1      | nono set off with: a +2 leather armour, a +0 quarterstaff, a potion of lignification, a +0 dagger, a bread ration
     0 | D:1      | Reached XP level 1. HP: 16/16 MP: 1/1
   196 | D:1      | Reached XP level 2. HP: 17/23 MP: 2/2
   210 | D:1      | Reached skill level 1 in Armour
   628 | D:2      | Reached XP level 3. HP: 26/28 MP: 3/3
  1195 | D:2      | Reached XP level 4. HP: 32/35 MP: 4/4
  1565 | D:3      | Reached XP level 5. HP: 42/42 MP: 5/5
  1623 | D:3      | Found a sparkling altar of Nemelex Xobeh.
  1929 | D:3      | Reached XP level 6. HP: 43/48 MP: 6/6
  2105 | D:4      | Got an ebony whip
  2112 | D:4      | Identified the cursed +3 whip "Hiamet" {flame, MR- Str+5 Dex+4} (You found it on level 4 of the Dungeon)
  2416 | D:4      | Noticed an ogre
  2429 | D:4      | Killed an ogre
  2429 | D:4      | Reached skill level 5 in Shields
  2429 | D:4      | Reached XP level 7. HP: 55/55 MP: 7/7
  2526 | D:4      | Reached skill level 1 in Polearms
  2660 | D:5      | Entered Level 5 of the Dungeon
  2686 | D:5      | Found an ornate altar of the Ieoh Jian Council.
  2717 | D:5      | Became a worshipper of the Ieoh Jian Council
  3146 | D:5      | Found a staircase to the Ecumenical Temple.
  3177 | D:5      | Reached skill level 5 in Fighting
  3249 | D:5      | Reached XP level 8. HP: 62/62 MP: 8/8
  3535 | D:6      | Found a stormy altar of Qazlal.
  3549 | D:6      | Reached * piety under Ieoh Jian
  3549 | D:6      | Reached skill level 5 in Armour
  4255 | D:7      | Found a glowing golden altar of the Shining One.
  4272 | D:7      | Noticed a hog
  4272 | D:7      | Noticed a hog
  4272 | D:7      | Noticed a human
  4272 | D:7      | Noticed a yak
  4273 | D:7      | Noticed a hog
  4326 | D:8      | Killed a human
  4589 | D:7      | Killed a hog
  4589 | D:7      | Reached skill level 5 in Polearms
  4589 | D:7      | Reached XP level 9. HP: 48/68 MP: 9/9
  4740 | D:7      | You fall through a shaft for 2 floors!
  5108 | D:7      | Noticed a hornet
  5135 | D:7      | Killed a hornet
  5164 | D:7      | You fall through a shaft!
  5166 | D:8      | Noticed a cyclops
  5445 | D:8      | Reached ** piety under Ieoh Jian
  6084 | D:7      | You fall through a shaft!
  6380 | D:8      | Killed a cyclops
  6380 | D:8      | Reached XP level 10. HP: 48/74 MP: 10/10
  6501 | D:8      | Found a staircase to the Lair.
  6501 | D:8      | Noticed a death yak
  6502 | D:8      | Noticed a death yak
  6587 | D:7      | You fall through a shaft for 3 floors!
  6587 | D:10     | Entered Level 10 of the Dungeon
  6907 | D:10     | Reached skill level 10 in Polearms
  7233 | D:10     | Noticed a gargoyle
  7253 | D:10     | Killed a gargoyle
  7267 | D:10     | Found a staircase to the Orcish Mines.
  7347 | D:10     | Reached *** piety under Ieoh Jian
  8166 | D:11     | Noticed Sonja
  8718 | D:9      | Reached XP level 11. HP: 81/83 MP: 11/11
  8721 | D:9      | Noticed a two-headed ogre
  9050 | D:9      | Reached **** piety under Ieoh Jian
  9673 | D:9      | Noticed a two-headed ogre
  9679 | D:9      | Noticed an unseen horror
  9975 | D:8      | Found Vago's Food Shoppe.
  9989 | D:8      | Reached ***** piety under Ieoh Jian
 10026 | D:8      | Found a shadowy altar of Dithmenos.
 10027 | D:8      | Found a white marble altar of Elyvilon.
 10132 | D:8      | Noticed a death yak
 10133 | D:8      | Got a pitted falchion
 10134 | D:8      | Noticed a death yak
 10165 | Lair:1   | Entered Level 1 of the Lair of Beasts
 10185 | Lair:1   | Killed a death yak
 10523 | Lair:1   | Reached skill level 10 in Shields
 10523 | Lair:1   | Reached XP level 12. HP: 48/94 MP: 12/12
 11148 | Lair:1   | Found a glowing golden altar of the Shining One.
 11283 | Lair:1   | Identified the +8 falchion "Weconn" {slice, rPois Str+3} (You found it on level 8 of the Dungeon)
 12614 | Lair:2   | Reached skill level 10 in Fighting
 12670 | Lair:2   | Reached skill level 10 in Armour
 12700 | Lair:2   | You fall through a shaft for 2 floors!
 13296 | Lair:4   | Got an ivory morningstar
 13302 | Lair:4   | Identified the +7 morningstar of Voof {vamp, Str+3 SInv} (You found it on level 4 of the Lair of Beasts)
 13488 | Lair:3   | Noticed Gastronok
 13488 | Lair:3   | Noticed azzavlup's ghost (journeyman HOAK)
 13508 | Lair:3   | Killed azzavlup's ghost
 13508 | Lair:3   | Reached XP level 13. HP: 104/104 MP: 13/13
 13525 | Lair:3   | Killed Gastronok
 13852 | Lair:3   | Found an ornate altar of the Ieoh Jian Council.
 15958 | Lair:4   | Found a hole to the Spider Nest.
 16163 | Lair:4   | Found a staircase to the Swamp.
 16211 | Lair:5   | Noticed a seven-headed hydra
 16280 | Lair:5   | Found a staircase to the Slime Pits.
 16427 | Lair:5   | Found a dark tunnel.
 16463 | Volcano  | Entered a volcano
 16482 | Volcano  | Noticed a red draconian
 16500 | Volcano  | Killed a red draconian
 16995 | Lair:5   | Noticed a four-headed hydra
 17009 | Lair:5   | Killed a four-headed hydra
 17009 | Lair:5   | Reached XP level 14. HP: 87/116 MP: 14/14
 17036 | Lair:5   | You fall through a shaft!
 17036 | Lair:6   | Entered Level 6 of the Lair of Beasts
 17595 | Lair:5   | Noticed skk's ghost (journeyman TrMo)
 19041 | Lair:4   | Identified a scroll of acquirement
 20644 | Lair:6   | Reached skill level 5 in Stealth
 21773 | Lair:6   | Reached XP level 15. HP: 106/125 MP: 15/15
 25266 | Lair:6   | Got translucent fire dragon scales
 25277 | Lair:6   | Identified the +1 fire dragon scales of Zin's Supremacy {rF++ rC- MR- Dex+8 Slay+4} (You found it on level 6 of the Lair of Beasts)
 26080 | D:7      | Found a radiant altar of Vehumet.
 26199 | D:9      | Reached ****** piety under Ieoh Jian
 26797 | Orc:1    | Entered Level 1 of the Orcish Mines
 26821 | Orc:1    | Noticed Nergalle
 27111 | Orc:1    | Killed Nergalle
 27383 | Orc:1    | Reached skill level 15 in Armour
 27389 | Orc:1    | Reached skill level 15 in Fighting
 27486 | Orc:2    | Entered Level 2 of the Orcish Mines
 27586 | Orc:2    | Noticed an orc warlord
 27874 | Orc:1    | You fall through a shaft!
 27874 | Orc:2    | Found Diulip's Jewellery Shoppe.
 27874 | Orc:2    | Found Zeonus's Weapon Shop.
 27876 | Orc:2    | Found Vuha's General Store.
 27883 | Orc:2    | Found Quheaff's Magic Scroll Shoppe.
 27891 | Orc:2    | Bought a potion of heal wounds for 70 gold pieces
 27898 | Orc:2    | Bought a scroll of enchant weapon for 112 gold pieces
 27917 | Orc:2    | Bought the ring "Yptafyog" {rElec Str+4 Int-4 SInv} for 435 gold pieces
 28156 | Orc:2    | Reached XP level 16. HP: 136/136 MP: 16/16
 28779 | Orc:2    | Found a roughly hewn altar of Beogh.
 28878 | Orc:2    | Found a staircase to the Elven Halls.
 29946 | D:11     | Gained mutation: You expend magic power (3 MP) to strengthen your wands. [mutagenic meat]
 30348 | D:11     | Killed Sonja
 30697 | D:12     | Found a labyrinth entrance.
 30710 | Lab      | Entered a labyrinth
 31175 | Lab      | Identified Ynnylyfeo's Sophisticated Witchery
 31176 | Lab      | Got a sparkling steel amulet
 31176 | Lab      | Got a scorched silver ring
 31178 | Lab      | Identified the ring of Qorich {-Tele rC+ rN+ MR+++ Int-3} (You found it in a labyrinth)
 31179 | Lab      | Identified the amulet "Gonef" {Reflect Str+4 SH+2} (You found it in a labyrinth)
 31250 | D:12     | Noticed Fannar
 31273 | D:12     | Killed Fannar
 32230 | D:13     | Found a gate to the Vaults.
 32359 | D:13     | Noticed Erolcha
 32363 | D:13     | Killed Erolcha
 32529 | D:13     | Reached skill level 15 in Polearms
 33435 | D:13     | Gained mutation: Scrolls take you a little longer to read. [mutagenic meat]
 33600 | D:14     | Reached XP level 17. HP: 140/146 MP: 9/17
 34250 | D:15     | Entered Level 15 of the Dungeon
 34317 | D:15     | Gained mutation: You are partially covered in slimy green scales. (AC +2) [mutagenic meat]
 34318 | D:15     | Gained mutation: Your muscles are strong. (Str +2) [mutagenic meat]
 34584 | D:15     | Noticed Urug
 34595 | D:15     | Killed Urug
 34623 | D:15     | Found a staircase to the Depths.
 35266 | D:15     | Gained mutation: Your flesh is heat resistant. (rF+) [mutagenic meat]
 35267 | D:15     | Gained mutation: You are dopey. (Int -2) [mutagenic meat]
 35876 | Spider:1 | Entered Level 1 of the Spider Nest
 36707 | Spider:1 | Noticed Josephine
 36937 | Spider:1 | Killed Josephine
 36958 | Spider:2 | Noticed Arachne
 36958 | Spider:2 | Noticed Nikola
 37537 | Spider:2 | Killed Nikola
 37538 | Spider:2 | Killed Arachne
 37957 | Spider:2 | Noticed nht's ghost (adept TrFi)
 37975 | Spider:2 | Killed nht's ghost
 38283 | Spider:2 | Reached XP level 18. HP: 156/156 MP: 18/18
 39932 | Spider:3 | Noticed Agnes
 39944 | Spider:3 | Killed Agnes
 40912 | Spider:4 | Entered Level 4 of the Spider Nest
 41336 | Spider:3 | HP: 7/156 [wolf spider (13)]
 41336 | Spider:3 | Mangled by a wolf spider

Vault maps used:
D:1:      eino_arrival_druids_welcome
D:3:      minmay_roachtagon, nemelex_altar_shiori, first_bread, st_stairs_6,
          hangedman_abyss_or_decor_lesser_grid, kennysheep_generic_room_6
D:4:      kennysheep_six_static_rooms
D:5:      wad_woods_stonehenge, minmay_temple_entry_overgrown,
          minmay_door_square
D:6:      kennysheep_little_box
D:7:      kennysheep_mini_moat, kennysheep_mini, serial_curves, eino_curves_04,
          eino_curves_02, kennysheep_cross_room, grunt_livestock,
          minmay_strange_pillars
D:8:      gammafunk_temple_overflow_statue, dpeg_lair_monsters, serial_shops,
          nicolae_shop_competitors_out_of_business
D:9:      hangedman_cross_cluster, serial_curves, eino_curves_02, eino_curves_02
D:10:     orc_0_dummy
D:11:     minmay_bloctagon_deflated, hangedman_corner_corridor, uniq_sonja
D:12:     lab_entry_generic, grunt_decor_arrowhead, uniq_fannar
D:13:     minmay_containers, david_vaults_4, minmay_fountain_box, uniq_erolcha
D:14:     minivault_27
D:15:     hangedman_depths_entry_civil_slaughter, serial_glass, glass_columns_b,
          glass_columns_b, nicolae_wwwww, glass_columns_b, nrook_loot_triangle,
          uniq_urug
Lair:1:   basic_altar, serial_bayou_pond_e
Lair:2:   zaba_anthole, serial_bayou_shore_b, infiniplex_staircase_pool
Lair:3:   wad_woods_road_03, lemuel_centaur_altar, grunt_megastairs_3,
          uniq_gastronok
Lair:4:   nicolae_swamp_entry_splash_gauntlet, spider_nest_entry_webs,
          minmay_hedge_maze, wad_woods_road_05
Lair:5:   slime_dummy, nicolae_volcano_entry_batcave, grunt_megastairs_5,
          infiniplex_staircase_pool_2
Lair:6:   minmay_lair_end_frog_pond, portal_ice_cave_entry_animals_and_master,
          serial_bayou_shore_a
Spider:1: uniq_josephine
Spider:2: uniq_arachne, uniq_nikola
Spider:3: uniq_agnes
Spider:4: spider_rune_water, nicolae_spider_cling_ruins
Orc:1:    nicolae_orc_stony_grotto, mines5_lemuel, uniq_nergalle
Orc:2:    st_orc_open, nicolae_orc_lost_temple
Lab:      nicolae_lab_quarters, labyrinth_glass_1, nicolae_lab_swirl,
          lab_statue, nicolae_lab_flowing_pool, nicolae_lab_do_over,
          nicolae_lab_diamond, nicolae_lab_grate_2, lab_block, nicolae_lab_stuck
Volcano:  volcano_pools

Skill      XL: |  1  2  3  4  5  6  7  8  9 10 11 12 13 14 15 16 17 18 |
---------------+-------------------------------------------------------+-----
Armour         | 1 2 3 4 5 7 8 10 12 13 15 16 17 | 17.7
Fighting       | 3 4 5 7 8 10 12 13 15 16 17 | 17.7
Shields        | 3 5 6 8 10 13 | 13.2
Polearms       | 2 5 9 10 11 12 13 14 15 16 | 16.1
Stealth        | 7 |  7.0
Staves         | |  2.1
Throwing       | |  1.0
Dodging        | |  1.7

Action                   |  1- 3 |  4- 6 |  7- 9 | 10-12 | 13-15 | 16-18 || total
-------------------------+-------+-------+-------+-------+-------+-------++-------
Melee: Quarterstaff      |    85 |   192 |       |       |       |       ||   277
       Spear             |       |    32 |   448 |       |       |       ||   480
       Lajatang          |       |     5 |       |    79 |   593 |     5 ||   682
       Trident           |       |       |    58 |  1283 |   142 |       ||  1483
       Glaive            |       |       |       |       |   758 |  1554 ||  2312
       Staff             |       |       |       |       |       |    91 ||    91
Throw: Throwing net      |       |       |       |     2 |       |       ||     2
Invok: Heaven On Earth   |       |       |       |     1 |     2 |       ||     3
       Serpent's Lash    |       |       |       |     1 |     6 |     3 ||    10
 Abil: Shaft Self        |       |       |     3 |     2 |     1 |       ||     6
       Dig               |       |       |       |     2 |     3 |    11 ||    16
Evoke: Wand              |       |       |     3 |     3 |     5 |     1 ||    12
  Use: Scroll            |       |     1 |    10 |     5 |     9 |     7 ||    32
       Potion            |       |       |     1 |     9 |     2 |     6 ||    18
 Stab: Sleeping          |     5 |     1 |       |       |       |       ||     6
       Confused          |       |       |     1 |       |       |       ||     1
       Fleeing           |       |       |       |     2 |       |       ||     2
       Distracted        |       |       |       |       |     1 |       ||     1
       Petrifying        |       |       |       |       |       |     2 ||     2
       Petrified         |       |       |       |       |       |     2 ||     2
  Eat: Chunk             |     1 |     4 |    12 |    14 |    24 |    37 ||    92
       Fruit             |       |       |     1 |       |       |     2 ||     3
       Royal jelly       |       |       |       |     4 |       |     1 ||     5
       Bread ration      |       |       |       |     2 |     5 |     4 ||    11
       Meat ration       |       |       |       |     1 |     1 |       ||     2
Armor: Leather armour    |    37 |    36 |       |       |       |       ||    73
       Ring mail         |       |    89 |    28 |       |       |       ||   117
       Plate armour      |       |       |   130 |   492 |   627 |  1000 ||  2249
Dodge: Dodged            |    47 |   109 |    99 |   273 |   338 |   497 ||  1363
       Deflected         |       |       |       |     2 |     9 |    24 ||    35
Block: Shield            |       |    71 |   173 |   536 |   776 |   911 ||  2467
